AoeStats
← L0rdDmbrngr

Arabia

509197978Analyzed
3v3 RM · 7d ago on Sep 25, 2026· 69m 9s· 6 players
Game mode
Random Map
Map size
Normal (6 player)
Population
200
Speed
Normal
Resources
Standard
Victory
Conquest
Starting age
Dark Age
Ending age
Imperial Age
RankedLock teamsTeams togetherTeam positionsShared explorationLock speedFull tech treeHidden civsTurbo modeCheats
Victory
Defeat
🇵🇱 Franks · Poland
995
+13
🇹🇼 Britons · Taiwan
944
+16
🇹🇷 Mongols · Türkiye
934
+16
🇭🇷 Bulgarians · Croatia
1054
-19
🇮🇪 Magyars · Ireland
927
-15
🇮🇪 Danes · Ireland
828
-11
Longoooooo
4:22 Loom
11:20 Feudal Age
12:05 Double-Bit Axe
14:54 Wheelbarrow
20:11 Fletching
23:06 Castle Age
23:23 Horse Collar
25:01 Crossbowman
25:59 Bodkin Arrow
28:07 Bow Saw
28:22 Pikeman
29:58 Forging
32:12 Hand Cart
31:43 Town Watch
50:11 Heavy Plow
54:20 Imperial Age
56:26 Chemistry
56:29 Yeomen
57:24 Bracer
57:25 Padded Archer Armor
58:38 Gold Mining
58:25 Halberdier
60:58 Elite Skirmisher
60:59 Arbalester
66:27 Conscription
68:02 Town Patrol
Ilyrian
4:32 Loom
12:03 Feudal Age
13:13 Double-Bit Axe
17:27 Castle Age
18:43 Bow Saw
21:11 Husbandry
23:35 Arson
23:51 Squires
29:10 Scale Barding Armor
29:15 Forging
35:09 Imperial Age
36:29 Forging
37:12 Wheelbarrow
36:25 Cavalier
38:02 Chain Barding Armor
38:17 Iron Casting
38:51 Gold Mining
38:51 Stone Mining
40:49 Hand Cart
43:47 Chivalry
46:45 Paladin
49:21 Plate Barding Armor
49:47 Blast Furnace
52:51 Scale Mail Armor
52:42 Fletching
52:52 Padded Archer Armor
66:37 Conscription
Lorelaz
10:16 Feudal Age
9:28 Loom
15:37 Castle Age
20:38 Bloodlines
23:14 Double-Bit Axe
36:15 Ballistics
37:59 Fletching
38:15 Scale Barding Armor
39:20 Bodkin Arrow
41:00 Wheelbarrow
50:06 Imperial Age
50:55 Bracer
51:40 Thumb Ring
56:28 Hand Cart
58:27 Hand Cart
59:17 Husbandry
62:06 Bow Saw
63:51 Parthian Tactics
64:39 Town Watch
65:09 Padded Archer Armor
64:35 Heavy Cavalry Archer
67:23 Caravan
L0rdDmbrngr
0:35 Loom
11:12 Feudal Age
11:51 Double-Bit Axe
14:47 Horse Collar
21:21 Castle Age
20:49 Stone Mining
20:50 Gold Mining
23:03 Pikeman
26:17 Town Watch
29:44 Bloodlines
30:52 Fletching
31:08 Scale Barding Armor
34:37 Corvinian Army
37:03 Wheelbarrow
39:40 Chain Barding Armor
43:12 Imperial Age
41:37 Husbandry
42:48 Bodkin Arrow
43:26 Padded Archer Armor
44:30 Conscription
45:15 Elite Magyar Huszar
46:13 Bracer
48:36 Scale Mail Armor
50:46 Hand Cart
53:11 Town Patrol
52:39 Halberdier
54:00 Chain Mail Armor
55:09 Plate Barding Armor
54:52 Heavy Plow
CHIKN9476
2:26 Loom
17:42 Feudal Age
18:09 Horse Collar
18:16 Double-Bit Axe
18:18 Town Watch
23:47 Castle Age
22:08 Stone Mining
22:11 Gold Mining
22:28 Scale Mail Armor
22:52 Forging
28:51 Heavy Plow
31:23 Chain Mail Armor
40:34 Iron Casting
aHuRa_zg82
3:10 Loom
11:43 Feudal Age
17:57 Castle Age
18:01 Double-Bit Axe
17:59 Horse Collar
19:43 Scale Mail Armor
19:50 Scale Barding Armor
22:36 Forging
23:34 Stone Mining
28:05 Bloodlines
29:06 Chain Barding Armor
30:04 Iron Casting
29:33 Squires
35:07 Wheelbarrow
34:19 Town Watch
39:39 Chain Mail Armor
40:36 Gambesons
46:23 Imperial Age
44:26 Stirrups
Connection lost

Rejoining the realm…

Still unreachable

The connection could not be restored.

Session expired

The server has moved on; the page needs a fresh start.